 Dungeon Crawl Stone Soup version 0.22-a0-521-gb1378044ac (webtiles) character file.

163 Oravi the Conjurer (level 5, 0/28 HPs)
             Began as a Tengu Air Elementalist on June 20, 2018.
             Killed from afar by an orc wizard (11 damage)
             ... with a puff of flame
             ... on level 4 of the Dungeon.
             The game lasted 00:14:00 (3234 turns).

Oravi the Conjurer (Tengu Air Elementalist)         Turns: 3234, Time: 00:14:01

Health: 0/28       AC:  2    Str:  8    XL:     5   Next: 44%
Magic:  1/11       EV: 12    Int: 17    God:
Gold:   160        SH:  0    Dex: 14    Spells: 10/11 levels left

rFire    . . .     SeeInvis .   o - +0 whip
rCold    . . .     Gourm    .   (no shield)
rNeg     . . .     Faith    .   a - +0 robe
rPois    .         Spirit   .   (helmet restricted)
rElec    .         Reflect  .   (no cloak)
rCorr    .         Harm     .   (no gloves)
MR       .....                  (boots unavailable)
Stlth    ++........             (no amulet)
HPRegen  0.09/turn              (no ring)
MPRegen  0.12/turn              (no ring)

@: no status effects
A: beak, talons 3, able to fly 1
a: Fly


You were on level 4 of the Dungeon.
You were not hungry.

You visited 1 branch of the dungeon, and saw 4 of its levels.

You collected 160 gold pieces.

Inventory:

Hand Weapons
 h - a +0 dagger
 o - a +0 whip (weapon)
Missiles
 d - 85 stones (quivered)
 k - 8 javelins
Armour
 a - a +0 robe (worn)
Scrolls
 b - a scroll of enchant weapon {unknown}
 f - a scroll of magic mapping {unknown}
 g - a scroll of noise {unknown}
 i - 4 scrolls of identify
 n - a scroll of random uselessness {unknown}
 q - 3 scrolls of remove curse
 s - a scroll of enchant armour {unknown}
 u - a scroll of fog {unknown}
Potions
 e - 2 potions of heal wounds
 j - a potion of flight {unknown}
 l - 5 potions of haste {unknown}
 m - 3 potions of curing {unknown}
 p - 2 potions of berserk rage {unknown}
 t - a potion of brilliance {unknown}
Comestibles
 c - 5 rations
 r - 3 chunks of flesh


   Skills:
 + Level 0.1 Fighting
 + Level 2.2 Dodging
 - Level 2.0 Stealth
 + Level 3.8 Spellcasting
 + Level 4.8 Conjurations
 - Level 4.0 Air Magic


You had 10 spell levels left.
You knew the following spells:

 Your Spells              Type           Power        Failure   Level  Hunger
a - Shock                 Conj/Air       ###.         2%          1    None

Your spell library contained the following spells:

 Spells                   Type           Power        Failure   Level  Hunger
 Lightning Bolt           Conj/Air       ###.......   58%         5    ######.
 Swiftness                Chrm/Air       ##......     11%         2    ##.....
 Airstrike                Air            ###.......   30%         4    ####...
 Static Discharge         Conj/Air       ###.....     8%          3    ###....


Dungeon Overview and Level Annotations

Branches:
Dungeon (4/15)
 Temple: D:4-7

Altars:
Qazlal


Innate Abilities, Weirdness & Mutations

You have a beak for a mouth.
You have claws for feet.
You can fly.


Message History

Press: ? - help, Shift-Dir - straight line The zap hits the orc wizard.
The orc wizard is almost dead.
The orc wizard hits you with a dagger.
You hit the orc wizard but do no damage.
Your kick misses the orc wizard.
The orc wizard is almost dead.
The orc wizard hits you with a dagger.
You hit the orc wizard. You claw the orc wizard.
Your peck misses the orc wizard.
The orc wizard is almost dead.
The orc wizard hits you with a dagger.
You hit the orc wizard but do no damage.
Your kick misses the orc wizard.
The orc wizard is almost dead.
The orc wizard gestures at you while chanting.
The magic dart hits you! The orc wizard casts a spell at you.
The puff of flame hits you!
You die... #########.. #..@o.))).. #.######.#. #

You could see an orc wizard.

Vanquished Creatures
  Jessica (D:2)
  3 gnolls (D:3)
  An adder (D:2)
  An ooze (D:2)
  A worm (D:2)
  4 dart slugs
  5 leopard geckos
  5 orcs
  5 bats
  3 giant cockroaches
  10 goblins
  4 hobgoblins
  5 jackals
  4 quokkas (D:3)
  5 frilled lizards
  6 kobolds
  8 rats
71 creatures vanquished.

Notes
Turn   | Place    | Note
-------+----------+-------------------------------------------
     0 | D:1      | Oravi the Tengu Air Elementalist began the quest for the Orb.
     0 | D:1      | Reached XP level 1. HP: 10/10 MP: 4/4
    87 | D:1      | Reached XP level 2. HP: 15/15 MP: 0/6
   881 | D:1      | Reached XP level 3. HP: 14/19 MP: 1/8
  1222 | D:2      | Found a stormy altar of Qazlal.
  1601 | D:2      | Noticed Jessica
  1635 | D:2      | Killed Jessica
  1635 | D:2      | Reached XP level 4. HP: 24/24 MP: 5/9
  2645 | D:3      | Gained mutation: You can fly. [Tengu growth]
  2645 | D:3      | Reached XP level 5. HP: 28/28 MP: 8/11
  3234 | D:4      | Killed from afar by an orc wizard

Vault maps used:
D:1:      dpeg_arrival_round_c
D:2:      nicolae_qazlal_general_emergency, minivault_19, uniq_jessica
D:4:      tso_oasis_becter, first_ration, bloody_makhleb

Skill      XL: |  1  2  3  4 |
---------------+-------------+-----
Conjurations   | 2 3 4 |  4.8
Spellcasting   | 3 |  3.8
Fighting       | |  0.1
Dodging        | |  2.2
Stealth        | |  2.0
Air Magic      | |  4.0

Action                   |  1- 3 |  4- 6 || total
-------------------------+-------+-------++-------
Melee: Unarmed           |    11 |       ||    11
       Kick              |     7 |     1 ||     8
       Peck              |     5 |     1 ||     6
       Dagger            |     2 |       ||     2
       Whip              |    29 |    11 ||    40
Throw: Stone             |    55 |     8 ||    63
 Cast: Shock             |    48 |    89 ||   137
  Use: Scroll            |     2 |       ||     2
  Eat: Chunk             |     3 |     5 ||     8
Armor: Robe              |    15 |     1 ||    16
Dodge: Dodged            |    28 |     9 ||    37

Table legend:
 A = Spawn XP
 B = Non-spawn XP
 C = Spawn XP percentage of total XP
 D = Spawn monster count
 E = Non-spawn monster count
 F = Spawn count percentage of total count
 G = Total turns spent on level
                    A         B        C        D         E        F      G
               +---------+---------+-------+---------+---------+-------+---------
         Total |       0 |     233 |   0.0 |       0 |      71 |   0.0 |  3234
               +---------+---------+-------+---------+---------+-------+---------
           D:1 |       0 |      37 |   0.0 |       0 |      19 |   0.0 |   974
           D:2 |       0 |      96 |   0.0 |       0 |      23 |   0.0 |  1379
           D:3 |       0 |      90 |   0.0 |       0 |      25 |   0.0 |   860
           D:4 |       0 |      10 |   0.0 |       0 |       4 |   0.0 |    21
               +---------+---------+-------+---------+---------+-------+---------
